AoeStats
← Rozpierdak

Arabia

510269419Analyzed
1v1 RM · 2d ago on Sep 30, 2026· 52m 39s· 2 players
Game mode
Random Map
Map size
Tiny (2 player)
Population
200
Speed
Normal
Resources
Standard
Victory
Conquest
Starting age
Dark Age
Ending age
Imperial Age
RankedLock teamsTeams togetherTeam positionsShared explorationLock speedFull tech treeHidden civsTurbo modeCheats
Victory
Defeat
🇨🇳 Khmer · China
921
+14
🇵🇱 Franks · Poland
886
-18
Rozpierdak
11:37 Feudal Age
15:10 Forging
18:03 Scale Barding Armor
19:00 Double-Bit Axe
23:55 Castle Age
27:47 Husbandry
28:59 Iron Casting
33:03 Chain Barding Armor
38:42 Imperial Age
36:12 Fletching
38:48 Bow Saw
38:46 Light Cavalry
41:14 Conscription
42:18 Blast Furnace
43:34 Loom
45:42 Cavalier
好人有好鲍
6:55 Loom
9:38 Feudal Age
12:56 Double-Bit Axe
12:54 Horse Collar
18:16 Gold Mining
21:50 Castle Age
20:07 Fletching
20:18 Padded Archer Armor
23:41 Bow Saw
24:01 Crossbowman
27:46 Gold Shaft Mining
27:04 Stone Mining
27:14 Bodkin Arrow
28:59 Wheelbarrow
28:10 Town Watch
29:07 Leather Archer Armor
33:16 Hand Cart
34:12 Pikeman
38:33 Imperial Age
36:27 Heavy Plow
37:11 Stone Shaft Mining
38:01 Ballistics
38:41 Halberdier
40:11 Arbalester
42:19 Conscription
42:41 Town Patrol
45:29 Bracer
45:37 Scale Barding Armor
45:43 Forging
44:59 Elite Ballista Elephant
45:40 Double Crossbow
46:23 Bloodlines
46:13 Husbandry
47:27 Chemistry
47:27 Chain Barding Armor
47:07 Scale Mail Armor
52:44 Plate Barding Armor
52:44 Iron Casting
Connection lost

Rejoining the realm…

Still unreachable

The connection could not be restored.

Session expired

The server has moved on; the page needs a fresh start.